 Dungeon Crawl Stone Soup version 0.29-a0-384-g6960b1960d (webtiles) character file.

Game seed: 13705762324216353309

640 happo123 the Ruffian (level 7, -2/67 HPs)
             Began as a Troll Berserker on May 6, 2022.
             Was a Priest of Trog.
             Slain by Menkaure (18 damage)
             ... on level 5 of the Dungeon.
             The game lasted 00:11:46 (3277 turns).

happo123 the Ruffian (Troll Berserker)              Turns: 3277, Time: 00:11:48

Health: -2/67      AC:  4    Str: 28    XL:     7   Next: 26%
Magic:  6/6        EV: 10    Int:  3    God:    Trog [***...]
Gold:   188        SH:  0    Dex:  9    Spells: 6/6 levels left

rFire   . . .      SeeInvis .     - Unarmed
rCold   . . .      Faith    .   (no shield)
rNeg    . . .      Spirit   .   a - +0 animal skin
rPois   .          Reflect  .   (helmet restricted)
rElec   .          Harm     .   (no cloak)
rCorr   .          Rampage  .   (gloves unavailable)
Will    .....                   (boots unavailable)
Stlth   +.........              (no amulet)
HPRegen 1.01/turn               (no ring)
MPRegen 0.10/turn               (no ring)

@: on berserk cooldown, slowed, very slow
A: large, unfitting armour, claws 3, regeneration 1, shaggy fur 1, tough skin 1
a: Renounce Religion, Berserk, Trog's Hand


You were on level 5 of the Dungeon.
You worshipped Trog.
Trog was most pleased with you.
You visited 1 branch of the dungeon, and saw 5 of its levels.

You collected 188 gold pieces.

Inventory:

Armour
 a - a +0 animal skin (worn)
Jewellery
 c - a ring of magical power
Scrolls
 d - a scroll of magic mapping {unknown}
 e - 6 scrolls of identify {unknown}
 f - a scroll of enchant weapon {unknown}
 j - a scroll of immolation {unknown}
 k - a scroll of enchant armour {unknown}
 l - a scroll of acquirement {unknown}
 n - a scroll of fog {unknown}
 o - 2 scrolls of teleportation {unknown}
 p - a scroll of vulnerability {unknown}
 r - a scroll of torment {unknown}
 t - a scroll of amnesia {unknown}
Potions
 b - 2 potions of attraction {unknown}
 g - 2 potions of degeneration {unknown}
 h - 2 potions of heal wounds {unknown}
 i - 2 potions of curing {unknown}
 m - a potion of ambrosia {unknown}
 q - 2 potions of might {unknown}
 s - a potion of magic {unknown}


   Skills:
 + Level 3.1 Fighting
 + Level 4.1 Dodging
 + Level 0.7 Stealth
 + Level 6.7 Unarmed Combat


You had 6 spell levels left.
You didn't know any spells.
Your spell library was empty.

Dungeon Overview and Level Annotations

Branches:
Dungeon (5/15)
 Temple: D:4-7

Altars:
Vehumet

Shops:
D:4 =

Annotations:
D:5 Menkaure


Innate Abilities, Weirdness & Mutations

You are too large for most types of armour.
You have claws for hands.
Your natural rate of healing is unusually fast.
You are covered in fur. (AC +1)
You have tough skin. (AC +1)


Message History

You kill the quokka!
Trog accepts your kill.
You scratch Edmund.
Edmund is almost dead.
Edmund hits you with a +0 dire flail of protection.
The orc barely misses you.
You barely miss Edmund.
Edmund is almost dead.
The orc closely misses you. The iguana bites you. Edmund closely misses you.
You mangle the iguana!!
You kill the iguana!
Trog accepts your kill.
Menkaure casts a spell.
Menkaure seems to speed up.
You claw Edmund!
You kill Edmund!
Trog accepts your kill. The orc barely misses you.
You closely miss the orc.
The orc is lightly wounded.
You closely miss the orc.
The orc is lightly wounded.
The orc hits you with a +0 dagger.
You are no longer berserk.
You are exhausted.
You feel yourself slow down.
The orc throws a stone.
The stone hits you but does no damage.
You see here a jackal corpse.
You scratch Menkaure.
Menkaure is moderately damaged.
Menkaure barely misses you.
An orc comes into view. It is wielding a +0 short sword.
The orc shouts!
You claw Menkaure!
Menkaure is severely damaged.
Menkaure points at you and mumbles some strange words.
Pain shoots through your body!
* * * LOW HITPOINT WARNING * * *
The orc closely misses you. Menkaure hits you!!
You die...

#..##.# #..# ##.##.#
#..# #..#.# #..#
##.#.# #..# #...#
#..# ##..#####..#
#..##.....#
##......o.#
###.##...@########..
+....'...M...†......
####.#....####.o....
#......# .....
##....†# ....
#.###.# ... #.. #.#
## ##.##.# ..#.#


You could see Menkaure (fast) and 2 orcs.

Vanquished Creatures
  Edmund (D:5)
  An ice beast (D:4)
  Blork the orc (D:4)
  A necrophage (D:4)
  A howler monkey (D:5)
  A jelly (D:4)
  A hound (D:4)
  An orc priest (D:4)
  An iguana (D:5)
  2 orc wizards
  4 gnolls (D:4)
  3 adders
  A worm (D:3)
  A dart slug (D:3)
  7 orcs
  3 bats
  7 endoplasms
  6 giant cockroaches
  9 goblins
  6 hobgoblins
  2 jackals (D:5)
  3 quokkas
  9 ball pythons
  2 frilled lizards (D:2)
  6 kobolds
  3 rats
83 creatures vanquished.

Vanquished Creatures (others)
  2 plants (D:1)
2 creatures vanquished.

Grand Total: 85 creatures vanquished

Notes
Turn   | Place    | Note
-------+----------+-------------------------------------------
     0 | D:1      | happo123 the Troll Berserker began the quest for the Orb.
     0 | D:1      | Reached XP level 1. HP: 22/22 MP: 0/0
   234 | D:1      | Reached XP level 2. HP: 28/29 MP: 1/1
   523 | D:1      | Found a faded altar of an unknown god.
  1032 | D:2      | Reached ** piety under Trog
  1060 | D:2      | Reached XP level 3. HP: 36/36 MP: 2/2
  1592 | D:3      | Reached XP level 4. HP: 23/44 MP: 3/3
  1804 | D:3      | Reached skill level 4 in Unarmed Combat
  2247 | D:3      | Found a radiant altar of Vehumet.
  2608 | D:4      | Noticed Blork the orc
  2616 | D:4      | Killed Blork the orc
  2617 | D:4      | Reached XP level 5. HP: 53/53 MP: 4/4
  2625 | D:4      | Reached skill level 5 in Unarmed Combat
  2685 | D:4      | Reached XP level 6. HP: 54/61 MP: 5/5
  2689 | D:4      | Reached *** piety under Trog
  2742 | D:4      | Found Pedarria's Jewellery Boutique.
  2807 | D:4      | Noticed an ice beast
  2814 | D:4      | Killed an ice beast
  2815 | D:4      | Reached skill level 6 in Unarmed Combat
  3164 | D:5      | Entered Level 5 of the Dungeon
  3241 | D:5      | Reached XP level 7. HP: 67/67 MP: 6/6
  3246 | D:5      | Noticed Menkaure
  3250 | D:5      | Noticed Edmund
  3272 | D:5      | Killed Edmund
  3277 | D:5      | Slain by Menkaure

Illustrated notes

Levels and vault maps discovered:
D:1:      dpeg_arrival_prison, layout_basic, serial_forest,
          infiniplex_forest_clump_small, infiniplex_forest_clump_double,
          infiniplex_forest_zigzag_2, infiniplex_forest_straight_3,
          infiniplex_forest_join, infiniplex_forest_end_1,
          nicolae_ecumenical_snake_handling, serial_bayou_crossing
D:2:      layout_loops_ring, kennysheep_decorative_pillar
D:3:      layout_basic, mainiacjoe_overflow_alcove_1
D:4:      layout_loops_ring, serial_shops, nicolae_shop_waterfront,
          uniq_blork_the_orc
D:5:      layout_basic, minmay_temple_entry_drinking_statues, uniq_menkaure,
          uniq_ijyb, uniq_edmund, uniq_grinder

Skill      XL: |  1  2  3  4  5  6 |
---------------+-------------------+-----
Dodging        | 3 4 |  4.1
Unarmed Combat | 4 5 6 |  6.7
Fighting       | 3 |  3.1
Stealth        | |  0.7

Action                   |  1- 3 |  4- 6 |  7- 9 || total
-------------------------+-------+-------+-------++-------
Melee: Unarmed           |   104 |   101 |    22 ||   227
       Punch             |       |     2 |       ||     2
Invok: Berserk           |       |     2 |     1 ||     3
 Stab: Sleeping          |       |     1 |       ||     1
Armor: Animal skin       |    30 |    19 |     5 ||    54
Dodge: Dodged            |    36 |    49 |    19 ||   104

Table legend: (Time is in decaauts)
 A = Elapsed time spent in this place.
 B = Non-inter-level travel time spent in this place.
 C = Inter-level travel time spent in this place.
 D = Time resting spent in this place.
 E = Time spent auto-exploring this place.
 F = Levels seen in this place.
 G = Mean time per level.
                   A        B        C        D        E       F      G
               +--------+--------+--------+--------+--------+-----+--------+
         Total |   3283 |   2953 |    330 |      0 |   2411 |   5 |  656.6 |
       Dungeon |   3283 |   2953 |    330 |      0 |   2411 |   5 |  656.6 |
               +--------+--------+--------+--------+--------+-----+--------+

Top non-repeatable levels by time:
     D:1: 947 daAuts
     D:3: 918 daAuts
     D:4: 693 daAuts
     D:2: 617 daAuts
     D:5: 106 daAuts
